 Dungeon Crawl Stone Soup version 0.31-a0-149-g3fdcc5976a (webtiles) character file.

Game seed: 14870782958406808947

1428 comborobin the Grappler (level 8, -3/66 HPs)
             Began as a Ghoul Delver on June 8, 2023.
             Was an Initiate of Cheibriados.
             Slain by a gnoll sergeant
             ... wielding a +0 spear
              (5 damage)
             ... on level 5 of the Dungeon.
             The game lasted 00:05:11 (3789 turns).

comborobin the Grappler (Ghoul Delver)              Turns: 3789, Time: 00:05:12

Health: -3/66      AC:  4    Str: 19    XL:     8   Next: 72%
Magic:  7/7        EV: 12    Int:  6    God:    Cheibriados [......]
Gold:   136        SH:  0    Dex: 11    Spells: 7/7 levels left

rFire   . .          .
                       - Unarmed
rCold   + + .        (no shield)
rNeg    + + +        a - +0 leather armour
rPois   ∞            (no helmet)
rElec   .            (no cloak)
rCorr   .            (no gloves)
SInv    .            i - +0 pair of boots
Will    .....        (no amulet)
Stlth   +++          n - ring of protection from cold
HPRegen 0.00/turn    (no ring)
MPRegen 0.10/turn

%: no passive effects
@: about to teleport, weakened, inhibited regen, very slow
A: claws 1, cold resistance 1, negative energy resistance 3, inhibited
regeneration, torment resistance 2, devour on kill
a: Renounce Religion


You were on level 5 of the Dungeon.
You worshipped Cheibriados.
Cheibriados was noncommittal.
You visited 2 branches of the dungeon, and saw 4 of its levels.

You collected 136 gold pieces.

Inventory:

Missiles
 j - 4 curare-tipped darts
 k - 11 boomerangs
Armour
 a - a +0 leather armour (worn)
 c - an orb of energy
 i - a +0 pair of boots (worn)
Jewellery
 n - a ring of protection from cold (left claw)
Wands
 f - a wand of digging (3)
Scrolls
 b - a scroll of fog
 d - a scroll of teleportation
 e - 2 scrolls of enchant weapon {unknown}
 h - a scroll of noise {unknown}
 m - 2 scrolls of enchant armour {unknown}
Potions
 g - a potion of lignification
 l - a potion of berserk rage {unknown}


   Skills:
 - Level 3.7 Fighting
 - Level 2.2 Dodging
 - Level 5.8 Stealth
 + Level 11.2 Unarmed Combat


You had 7 spell levels left.
You didn't know any spells.
Your spell library contained the following spells:

 Spells                   Type           Power      Damage    Failure   Level
 Cigotuvi's Dreadful Rot  Necr/Pois/Air  0%         N/A       65%         2
 Ensorcelled Hibernation  Hex/Ice        0%         N/A       65%         2
 Frozen Ramparts          Ice            0%         1d1       87%         3
 Ignite Poison            Fire/Tmut/Pois 0%         N/A       87%         3
 Anguish                  Hex/Necr       0%         N/A       99%         4
 Summon Ice Beast         Ice/Summ       0%         N/A       99%         4
 Freezing Cloud           Conj/Ice/Air   0%         6-21      100%        5
 Spider Form              Tmut/Pois      Unusable   N/A       N/A         3
 Ice Form                 Ice/Tmut       Unusable   N/A       N/A         4

Dungeon Overview and Level Annotations

Branches:
Dungeon (7/15)             Temple (1/1) D:5

Altars:
Ashenzari
Cheibriados
Dithmenos
Fedhas
Gozag
Hepliaklqana
Kikubaaqudgha
Makhleb
Okawaru
Qazlal
Sif Muna
Trog
Uskayaw
Wu Jian
Xom
Yredelemnul

Shops:
D:7 [[


Innate Abilities, Weirdness & Mutations

You are immune to poison.
You have sharp fingernails.
Your flesh is cold resistant. (rC+)
You are immune to negative energy. (rN+++)
You do not regenerate when monsters are visible.
You are immune to unholy pain and torment.
You thrive by killing the living.


Message History

You are too injured to fight recklessly!
You are too injured to fight recklessly!
You are too injured to fight recklessly!
You are too injured to fight recklessly!
You are too injured to fight recklessly!
You are too injured to fight recklessly!
You are too injured to fight recklessly!
You are too injured to fight recklessly!
You are too injured to fight recklessly!
You mangle the gnoll!!
You kill the gnoll!
Cheibriados appreciates the change of pace.
The gnoll sergeant barely misses you. The gnoll closely misses you.
A nearby plant withers and dies.
You see here a +0 club.
You scratch the gnoll bouda.
The gnoll bouda is moderately wounded.
The gnoll hits you from afar with a +0 spear.
The gnoll sergeant hits you from afar with a +0 spear.
The gnoll bouda hits you with a +0 club!
* * * LOW HITPOINT WARNING * * *
You barely miss the gnoll bouda.
The gnoll bouda is moderately wounded.
The gnoll misses you.
The gnoll sergeant hits you but does no damage.
The gnoll hits you from afar with a +0 spear.
* * * LOW HITPOINT WARNING * * *
Okay, then.
Okay, then.
As you read the scroll labelled QUOSYM RITZA, it crumbles to dust.
You feel strangely unstable.
It was a scroll of teleportation.
The gnoll bouda hits you with a +0 club.
* * * LOW HITPOINT WARNING * * *
The gnoll barely misses you. The gnoll hits you but does no damage.
The gnoll sergeant hits you from afar with a +0 spear.
* * * LOW HITPOINT WARNING * * *
The gnoll bouda gazes fiercely through you!
You feel your attacks grow feeble.
The gnoll sergeant hits you from afar with a +0 spear.
You die...

#..PP........,,,,* *,,,
#.PP...PP.<.,,,,,* ***#
#.P.....P.$,,,,,,* #
#.P..P.PP.#****,** #
#.PP......# *,* ##
#.PP..gPP.# *,######.
*##..PPPPgg.# *,.......
*.......g..## **######.
*###.###@#.#############.
*,#...............#...
*,#.##.....######.#.#.
*,#.*#.....# #.#.##
*,#,*#.....# #.#.#
*,*.##.....######.#.#
*,*.................#
*,*###......#####.###
*,#########.#...###


You could see a gnoll sergeant (swift), a gnoll bouda and 2 gnolls.

Vanquished Creatures
  A hornet (D:7)
  A sky beast (D:7)
  An orc warrior (D:7)
  A black bear (D:7)
  A scorpion (D:5)
  4 wights
  6 killer bees
  3 howler monkeys
  A hound (D:5)
  An orc priest (D:6)
  3 sleepcaps
  3 iguanas
  An orc wizard (D:7)
  2 gnolls (D:5)
  3 adders
  2 white imps (D:5)
  A worm (D:5)
  7 orcs
  A hobgoblin (D:7)
  A goblin (D:7)
44 creatures vanquished.

Notes
Turn   | Place    | Note
-------+----------+-------------------------------------------
     0 | D:5      | comborobin the Ghoul Delver began the quest for the Orb.
     0 | D:5      | Reached XP level 1. HP: 19/19 MP: 0/0
   139 | D:7      | Noticed a howler monkey
   140 | D:7      | Noticed a howler monkey
   154 | D:6      | Killed a howler monkey
   155 | D:6      | Reached XP level 2. HP: 26/27 MP: 1/1
   155 | D:6      | Reached XP level 3. HP: 31/33 MP: 2/2
   213 | D:6      | Noticed a wight
   254 | D:5      | Reached skill level 3 in Unarmed Combat
   262 | D:5      | Reached XP level 4. HP: 36/40 MP: 3/3
   397 | D:5      | Reached skill level 4 in Unarmed Combat
   508 | D:5      | Reached XP level 5. HP: 46/46 MP: 4/4
   565 | D:5      | Reached skill level 5 in Unarmed Combat
   573 | D:5      | Reached XP level 6. HP: 11/52 MP: 5/5
   772 | D:5      | Reached skill level 6 in Unarmed Combat
  1076 | D:5      | Reached skill level 7 in Unarmed Combat
  1143 | D:6      | Reached XP level 7. HP: 50/58 MP: 6/6
  1577 | D:6      | Found a broken altar of Ashenzari.
  2151 | D:7      | Found Boufo's Antique Armour Boutique.
  2223 | D:7      | Reached skill level 8 in Unarmed Combat
  2529 | D:7      | Reached skill level 9 in Unarmed Combat
  2563 | D:7      | Reached XP level 8. HP: 22/66 MP: 7/7
  2773 | D:7      | Noticed a hornet
  2784 | D:7      | Killed a hornet
  2785 | D:7      | Reached skill level 10 in Unarmed Combat
  3093 | D:7      | Found Waba's Armour Shop.
  3103 | D:7      | Reached skill level 11 in Unarmed Combat
  3577 | D:5      | Found a staircase to the Ecumenical Temple.
  3581 | Temple   | Entered the Ecumenical Temple
  3643 | Temple   | Became a worshipper of Cheibriados the Contemplative
  3788 | D:5      | HP: 2/66 [gnoll sergeant/+0 spear (5)]
  3789 | D:5      | Slain by a gnoll sergeant

Illustrated notes

Levels and vault maps discovered:
D:5:      layout_basic, minmay_temple_entry_from_below_a, nicolae_grassy_gnolls
D:6:      layout_cave_pods, lemuel_tele_altar, moated_statue, hex_tiny,
          minmay_misc_feat_roman, minivault_27, chequers_serial_rivers_small_a,
          minmay_strange_pillars, roderic_lattice_a, kennysheep_big_empty_room
D:7:      layout_basic, enter_bailey_4, serial_shops, kennysheep_mini,
          nicolae_shop_hallway_stairs
Temple:   nicolae_temple_two_arcs

Skill      XL: |  1  2  3  4  5  6  7  8 |
---------------+-------------------------+-----
Dodging        | 2 |  2.2
Unarmed Combat | 3 4 5 7 9 11 | 11.2
Fighting       | |  3.7
Stealth        | |  5.8

Action                     |  1- 3 |  4- 6 |  7- 9 || total
---------------------------+-------+-------+-------++-------
  Melee: Unarmed           |    20 |    79 |   144 ||   243
         Punch             |       |     1 |     6 ||     7
    Use: Potion            |     3 |     1 |       ||     4
         Scroll            |     1 |       |     2 ||     3
   Stab: Sleeping          |     1 |     2 |     2 ||     5
         Distracted        |       |     1 |     1 ||     2
 Armour: Leather armour    |     3 |     8 |    36 ||    47
  Dodge: Dodged            |     9 |    30 |    97 ||   136

Table legend: (Time is in decaauts)
 A = Elapsed time spent in this place.
 B = Non-inter-level travel time spent in this place.
 C = Inter-level travel time spent in this place.
 D = Time resting spent in this place.
 E = Time spent auto-exploring this place.
 F = Levels seen in this place.
 G = Mean time per level.
                   A        B        C        D        E       F      G
               +--------+--------+--------+--------+--------+-----+--------+
         Total |   3793 |   3333 |    460 |   1143 |   1432 |   4 |  948.2 |
       Dungeon |   3719 |   3274 |    445 |   1143 |   1382 |   3 | 1239.7 |
        Temple |     73 |     58 |     15 |      0 |     50 |   1 |   73.0 |
               +--------+--------+--------+--------+--------+-----+--------+

Top non-repeatable levels by time:
     D:6: 1633 daAuts
     D:7: 1134 daAuts
     D:5: 951 daAuts
  Temple: 73 daAuts
